Map: Chain of Ascension

Players

Ekelpack

  • Race: Zerg Zerg
  • Spawn Location: 11:00

Nyck

  • Race: Terran Terran
  • Spawn Location: 11:00

VOD

Have the link to the VOD?

Description

Time

  • Played on: April 18, 2025, 5:19 p.m.
  • Length: 21:28
Show
View Real Time Build Order
Export as new Build Order

Ekelpack Zerg 

Build Orders:  

Get SALT Encoding   

  12  0:06  Drone  
  13  0:16  Drone  
  14  0:24  Overlord  
  14  0:30  Extractor  
  14  0:33  Drone  
  14  0:53  Drone x2  
  16  1:07  Spawning Pool  
  15  1:16  Drone  
  16  1:26  Drone  
  17  1:38  Queen  
  19  1:43  Drone  
  20  1:51  Drone  
  20  1:53  Extractor  
  20  2:03  Overlord  
  20  2:13  Metabolic Boost  
  20  2:17  Drone  
  21  2:34  Drone  
  22  2:45  Lair  
  22  2:47  Drone  
  23  3:06  Zergling x2  
  24  3:21  Overlord  
  24  3:40  Zergling x2  
  24  3:41  Zergling x8  
  29  4:27  Drone x6  
  29  4:28  Hydralisk Den  
  29  4:29  Evolution Chamber  
  33  4:31  Evolution Chamber  
  32  4:51  Drone  
  33  5:09  Muscular Augments  
  33  5:11  Zerg Missile Weapons Level 1  
  33  5:12  Zerg Ground Armor Level 1  
  27  6:03  Hydralisk  
  27  6:04  Hydralisk x4  
  27  6:05  Overlord  
  37  7:00  Hatchery  
  37  7:03  Hydralisk x4  
  42  8:06  Drone x10  
  42  8:08  Overlord  
  52  8:33  Queen  
  52  8:35  Overlord x2  
  52  8:37  Hydralisk  
  56  8:45  Extractor  
  55  8:51  Zerg Missile Weapons Level 2  
  55  9:00  Drone  
  55  9:01  Drone, Extractor  
  56  9:10  Zerg Ground Armor Level 2  
  56  9:29  Drone  
  57  9:52  Hydralisk  
  57  9:53  Hydralisk x6  
  69  10:23  Hydralisk x3  
  73  10:45  Drone x3  
  76  10:51  Overlord x2  
  76  10:52  Overlord x2  
  76  11:13  Hive  
  76  11:35  Drone x9  
  85  12:05  Heroic Fortitude  
  85  12:10  Overlord x2, Hydralisk x2  
  89  12:50  Zerg Missile Weapons Level 3  
  89  12:53  Overlord x2  
  89  13:08  Zerg Ground Armor Level 3  
  89  13:09  Ultralisk Cavern  
  88  13:32  Zergling x12  
  88  13:33  Zergling x28  
  108  14:00  Hydralisk  
  108  14:01  Hydralisk  
  112  14:18  Hydralisk  
  112  14:19  Hydralisk x3  
  120  14:32  Chitinous Plating  
  120  14:35  Ultralisk  
  125  14:52  Overlord  
  125  14:53  Overlord x2  
  125  15:17  Ultralisk x2  
  125  15:18  Ultralisk  
  143  16:16  Overlord x2  
  143  16:17  Overlord x2  
  143  16:18  Hydralisk  
  143  16:19  Hydralisk x7  
  159  16:30  Zerg Melee Weapons Level 1  
  159  16:41  Overlord x4  
  157  17:25  Hydralisk  
  157  17:26  Hydralisk x11  
  181  18:10  Zergling x2  
  181  18:11  Zergling x36  
  181  20:31  Hydralisk x2  
  181  20:32  Hydralisk x8  
  197  20:50  Hydralisk  
Show
View Real Time Build Order
Export as new Build Order

Nyck Terran 

Build Orders:  

Get SALT Encoding   

  12  0:03  SCV  
  13  0:20  SCV  
  13  0:25  Supply Depot  
  14  0:37  SCV  
  15  0:55  SCV  
  15  0:58  Barracks  
  16  1:05  Refinery  
  16  1:12  SCV  
  17  1:34  Orbital Command  
  17  1:43  Marine  
  18  1:51  Refinery  
  18  1:56  Marine  
  19  2:12  SCV  
  20  2:29  SCV  
  21  2:39  Marine, Factory  
  22  2:46  SCV  
  23  3:01  Barracks Tech Lab  
  23  3:07  Supply Depot  
  23  3:36  Marine  
  23  3:37  SCV  
  23  3:39  Supply Depot  
  25  3:49  Firebat  
  27  3:55  Factory Tech Lab  
  27  3:59  Factory  
  27  4:01  SCV  
  27  4:04  Medic  
  30  4:18  SCV, Medic  
  33  4:20  Siege Tank  
  36  4:41  SCV  
  36  4:43  Medic  
  39  5:05  Supply Depot  
  39  5:10  Siege Tank  
  39  5:35  SCV  
  38  6:12  Unknown  
  38  6:16  Siege Tank  
  38  6:18  Factory Tech Lab  
  38  6:19  SCV  
  42  6:25  Siege Tank  
  42  6:33  Supply Depot  
  42  6:53  SCV  
  42  6:58  Vulture x2  
  46  7:00  Replenishable Magazine  
  46  7:06  Siege Tank x2  
  46  7:07  Supply Depot  
  46  7:41  Supply Depot  
  46  7:48  SCV  
  41  7:50  Siege Tank  
  41  7:51  Siege Tank, Firebat  
  41  7:52  Vulture x2  
  47  8:02  Barracks  
  47  8:04  Barracks  
  47  8:09  Engineering Bay  
  47  8:11  Engineering Bay  
  47  8:13  Supply Depot  
  47  8:39  SCV  
  48  8:43  Firebat  
  48  8:44  Supply Depot  
  48  8:45  Siege Tank x2  
  48  8:48  Siege Tank x2  
  56  8:52  Barracks Reactor x2  
  56  8:55  Terran Infantry Weapons Level 1, Terran Infantry Armor Level 1  
  56  8:56  SCV  
  57  9:21  Command Center  
  57  9:28  Siege Tank x2  
  57  9:30  SCV  
  57  9:33  Firebat  
  57  9:35  Siege Tank x2  
  66  10:23  SCV  
  66  10:26  Marine  
  66  10:28  Siege Tank x2  
  74  10:33  Siege Tank x4  
  74  10:41  Supply Depot  
  74  10:43  Marine x4  
  78  11:08  Orbital Command  
  78  11:12  Supply Depot  
  78  11:14  SCV  
  78  11:19  Refinery  
  79  11:20  Refinery  
  79  11:25  Siege Tank  
  79  11:28  Siege Tank x2  
  82  11:34  Siege Tank x2  
  82  11:37  Armory  
  82  11:43  Armory  
  82  11:47  Siege Tank  
  82  12:00  SCV x2  
  82  12:01  Marine x4  
  82  12:02  Marine  
  82  12:03  Siege Tank x3  
  82  12:06  Siege Tank x2  
  95  12:22  Marine x4  
  95  12:23  Marine  
  100  12:41  SCV x2, Marine x2  
  100  12:42  Marine x2  
  100  12:43  Marine  
  100  12:44  Siege Tank  
  100  12:45  Siege Tank  
  113  12:50  Siege Tank x3  
  113  12:51  Siege Tank x3, Terran Vehicle and Ship Weapons Level 1  
  113  13:27  Siege Tank x2  
  113  13:48  SCV x2  
  115  13:50  Siege Tank  
  118  14:01  Supply Depot  
  118  14:11  SCV x2, Marine x3  
  118  14:12  Siege Tank  
  118  14:16  Siege Tank x8  
  118  14:17  Siege Tank  
  118  14:18  Marine x2  
  112  14:23  Marine  
  110  14:34  Supply Depot  
  110  14:43  SCV x2  
  110  14:44  Marine x5  
  110  14:46  Siege Tank x2  
  123  15:00  SCV x2  
  123  15:06  Supply Depot  
  125  15:10  Terran Infantry Weapons Level 2  
  125  15:11  Terran Infantry Armor Level 2  
  125  15:16  Terran Vehicle And Ship Armor Level 1  
  125  15:38  Supply Depot, SCV x2  
  130  15:43  Firebat  
  130  15:44  Marine  
  130  15:45  Marine x3  
  130  15:47  Siege Tank x2  
  139  15:58  Medic  
  141  16:11  Supply Depot  
  141  16:15  Siege Tank x2  
  147  16:39  Siege Tank  
  150  16:41  Siege Tank, Medic  
  150  16:43  Marine x3  
  158  17:22  Supply Depot  
  158  17:52  Siege Tank x2, Marine x2  
  158  17:56  Supply Depot  
  166  18:07  Marine  
  166  18:08  Marine  
  166  18:21  Marine  
  166  18:23  Marine  
  166  18:26  Firebat  
  166  18:29  Supply Depot  
  166  18:34  SCV x2, Marine  
  166  18:35  Marine x2  
  166  18:36  Marine  
  171  18:41  Firebat  
  169  18:51  SCV x2, Marine x2  
  169  18:55  Barracks Reactor  
  169  18:59  Medic  
  176  19:03  Supply Depot, Marine  
  176  19:04  Missile Turret  
  177  19:11  Supply Depot  
  177  19:25  SCV x2, Marine  
  177  19:26  Marine  
  181  19:33  Medic  
  181  19:39  Supply Depot, Marine  
  183  19:41  Marine  
  183  19:43  Supply Depot  
  183  19:46  Firebat  
  186  19:51  Siege Tank  
  189  20:10  Supply Depot  
  189  20:14  Supply Depot  
  189  20:41  Supply Depot  
Tags
 
Add a new tag
Caveats
  • Supply blocks, unpowered buildings, or Contaminate may cause inaccurate times.
  • Supply counts are checked every 10 seconds.